 Dungeon Crawl Stone Soup version 0.31.0-11-ge490571c62 (webtiles) character file.

Game seed: 7275944490742067158

2867 qw the Skirmisher (level 9, 0/51 HPs)
             Began as a Deep Elf Hunter on Feb 3, 2024.
             Was a Believer of Okawaru.
             Succumbed to a killer bee's poison
             ... on level 8 of the Dungeon.
             The game lasted 00:00:45 (6407 turns).

qw the Skirmisher (Deep Elf Hunter)                 Turns: 6407, Time: 00:00:45

Health: 0/51       AC: 13    Str: 13    XL:     9   Next: 47%
Magic:  14/14      EV: 19    Int: 15    God:    Okawaru [**....]
Gold:   353        SH:  0    Dex: 20    Spells: 8/8 levels left

rFire   + . .        l - +2 orcbow
rCold   . . .        (shield currently unavailable)
rNeg    + . .        k - +2 ring mail {rF+}
rPois   .            c - +2 helmet
rElec   .            (no cloak)
rCorr   .            b - +2 pair of gloves {Str+3}
SInv    .            (no boots)
Will    .....        (no amulet)
Stlth   +            d - ring of positive energy
HPRegen 0.28/turn    e - +5 ring of evasion
MPRegen 0.14/turn

%: no passive effects
@: lethally poisoned (0 -> -8), about to teleport
A: no striking features
a: Renounce Religion, Heroism


You were on level 8 of the Dungeon.
You worshipped Okawaru.
Okawaru was pleased with you.
You visited 2 branches of the dungeon, and saw 9 of its levels.

You collected 493 gold pieces.
You spent 140 gold pieces at shops.


   Skills:
 - Level 3.4 Fighting
 + Level 14.0 Ranged Weapons
 - Level 1.8 Armour
 - Level 7.1 Dodging
 - Level 1.2 Stealth
 - Level 4.2 Invocations


You had 8 spell levels left.
You didn't know any spells.
Your spell library was empty.

Inventory:

Hand Weapons
 l - a +2 orcbow (weapon)
Armour
 b - a +2 pair of gloves of strength (worn)
 c - a +2 helmet (worn)
 k - a +2 ring mail of fire resistance (worn)
 n - +0 acid dragon scales
Jewellery
 d - a ring of positive energy (left hand)
 e - a +5 ring of evasion (right hand)
Wands
 g - a wand of polymorph (7)
 m - a wand of digging (7)
Scrolls
 i - a scroll of identify
Potions
 a - 3 potions of might
 f - a potion of mutation
 j - a potion of curing

Dungeon Overview and Level Annotations

Branches:
Dungeon (8/15)             Temple (1/1) D:4
   Lair: D:8-11

Altars:
Ashenzari
Cheibriados
Dithmenos
Elyvilon
Fedhas
Gozag
Hepliaklqana
Kikubaaqudgha
Makhleb
Nemelex Xobeh
Okawaru
Qazlal
Ru
Sif Muna
Trog
Uskayaw
Vehumet
Wu Jian
Xom
Yredelemnul
Zin
The Shining One

Shops:
D:3 ?

Annotations:
D:5 exclusion: 4 electric eels
D:6 1 runed translucent door, qw's ghost, novice SpHu


Message History

You shoot an arrow. The arrow hits the killer bee.
The killer bee is moderately wounded.
You feel sick.
The killer bee completely misses you. x2
The wight hits you but does no damage. The killer bee barely misses you.
The killer bee closely misses you.
You shoot an arrow. The arrow hits the killer bee.
The killer bee is moderately wounded.
You feel very sick. The killer bee stings you. The killer bee misses you.
The wight hits you but does no damage. The killer bee closely misses you.
The killer bee misses you.
6403 ||| READING 2 scrolls of teleportation.
As you read the scroll of teleportation, it crumbles to dust.
You feel strangely unstable.
You feel sick. The killer bee closely misses you. x2
The wight barely misses you. The killer bee closely misses you.
The killer bee barely misses you.
You shoot an arrow. The arrow hits the killer bee.
The killer bee is heavily wounded.
You feel sick. The killer bee barely misses you.
The killer bee closely misses you. The wight misses you.
You shoot an arrow.
The arrow closely misses the killer bee.
You feel sick. The killer bee stings you.
You are lethally poisoned!
The killer bee poisons you!
The killer bee stings you but does no damage.
The killer bee misses you. x2; The wight closely misses you.
You shoot an arrow. The arrow hits the killer bee.
The killer bee is severely wounded.
Your surroundings suddenly seem different.
A kobold brigand, 3 kobolds and a water moccasin come into view.
The kobold brigand is wielding a +0 short sword and quivering poisoned darts.
Found a potion of attraction.
You feel sick.
The kobold shouts! x2; The kobold brigand shouts!
The kobold shouts!
You hear a shout! x10; The water moccasin hisses angrily.
You hear a shout! x4
6407 ||| READING scroll of teleportation.
As you read the scroll of teleportation, it crumbles to dust.
You feel strangely unstable.
You die...

. .. #.
#.# #.
.S. #.#
...
..###.#
.....####
#........
#@# #KK#
#..K.
#...###
!.K..
......
......#
......


You could see a water moccasin, a kobold brigand and 3 kobolds.

Vanquished Creatures
  Pikel (D:7)
  Maggie (D:7)
  A wraith (D:5)
  A water moccasin (D:6)
  Duvessa (D:4)
  An ice beast (D:5)
  A sky beast (D:6)
  2 black bears (D:6)
  A lemure (D:7)
  3 phantoms
  4 scorpions
  Dowan (D:4)
  A wyvern skeleton (D:6)
  A killer bee (D:8)
  2 howler monkeys
  An electric eel (D:5)
  A bombardier beetle (D:3)
  A bullfrog zombie (D:6)
  A centaur zombie (D:6)
  A jelly (D:6)
  An orc priest (D:4)
  3 hounds
  2 sleepcaps
  3 iguanas
  Natasha (twice) (D:3)
  4 orc wizards
  Robin (D:2)
  A howler monkey zombie (D:6)
  A howler monkey skeleton (D:6)
  7 adders
  3 shadow imps (D:6)
  2 ufetubi (D:7)
  A ribbon worm (D:2)
  2 dart slugs (D:2)
  22 orcs
  6 endoplasms
  3 giant cockroaches
  12 goblins
  10 hobgoblins
  4 jackals (D:1)
  5 quokkas
  10 ball pythons
  4 bats (D:2)
  3 frilled lizards
  3 kobolds
  2 rats (D:3)
144 creatures vanquished.

Notes
Turn   | Place    | Note
-------+----------+-------------------------------------------
     0 | D:1      | qw the Deep Elf Hunter began the quest for the Orb.
     0 | D:1      | Reached XP level 1. HP: 12/12 MP: 3/3
     0 | D:1      | 0 ||| qw: Version: 0.3-a-157-g843a77d
     0 | D:1      | 0 ||| qw: Game counter: 4001
     0 | D:1      | 0 ||| qw: Melee chars always use a shield: true
     0 | D:1      | 0 ||| qw: God list: Okawaru
     0 | D:1      | 0 ||| qw: Allow faded altars: false
     0 | D:1      | 0 ||| qw: Do Orc after clearing Dungeon:15 true
     0 | D:1      | 0 ||| qw: Do second Lair branch before Depths: true
     0 | D:1      | 0 ||| qw: Lair rune preference: random
     0 | D:1      | 0 ||| qw: Goals: Normal
     0 | D:1      | 0 ||| PLANNING D:1-11
   110 | D:1      | Reached skill level 6 in Ranged Weapons
   110 | D:1      | Reached XP level 2. HP: 16/16 MP: 4/4
   218 | D:1      | You fall into a shaft and drop 1 floor!
   314 | D:2      | 314 ||| SWAPPING to +0 orcbow.
   316 | D:2      | 316 ||| DROPPING +0 shortbow.
   326 | D:2      | Reached XP level 3. HP: 20/20 MP: 5/5
   330 | D:2      | 330 ||| UPGRADING to ring of positive energy.
   331 | D:2      | 331 ||| UPGRADING to +5 ring of evasion.
   332 | D:2      | 332 ||| READING scroll labelled MYUQUT KEADE.
   433 | D:2      | 433 ||| READING scroll labelled GOAC NAOCAPN.
   434 | D:2      | 434 ||| READING scroll labelled PENUNA PASU.
   434 | D:2      | 434 ||| ENCHANTING +0 orcbow.
   435 | D:2      | 435 ||| DRINKING 2 fuming puce potions.
   436 | D:2      | 436 ||| DRINKING 2 inky potions.
   437 | D:2      | 437 ||| DROPPING scroll of butterflies.
   438 | D:2      | 438 ||| DROPPING potion of degeneration.
   439 | D:2      | 439 ||| DROPPING potion of attraction.
   813 | D:1      | 813 ||| UPGRADING to +0 ring mail.
   823 | D:1      | 823 ||| DROPPING +0 leather armour.
   885 | D:2      | Noticed Robin
   890 | D:2      | Reached skill level 7 in Ranged Weapons
   898 | D:2      | Killed Robin
   900 | D:2      | 900 ||| FLEEEEING.
   901 | D:2      | 901 ||| FLEEEEING.
   902 | D:2      | 902 ||| FLEEEEING.
   903 | D:2      | 903 ||| FLEEEEING.
   904 | D:2      | 904 ||| FLEEEEING.
   905 | D:2      | 905 ||| FLEEEEING.
   906 | D:2      | 906 ||| FLEEEEING.
   907 | D:2      | 907 ||| FLEEEEING.
   908 | D:2      | 908 ||| STAIRDANCE
   965 | D:2      | Reached XP level 4. HP: 25/25 MP: 6/6
  1377 | D:2      | 1377 ||| UPGRADING to +0 helmet.
  1382 | D:2      | 1382 ||| DROPPING +6 ring of intelligence.
  1383 | D:2      | 1383 ||| READING scroll labelled HONIGA JYGG.
  1383 | D:2      | 1383 ||| ENCHANTING +0 helmet.
  1384 | D:2      | 1384 ||| READING scroll labelled MOAGGU AHYOJINT.
  1433 | D:3      | Reached skill level 8 in Ranged Weapons
  1655 | D:3      | Found Iteha's Magic Scroll Shop.
  1658 | D:3      | 1658 ||| BUYING scroll of identify (20 gold).
  1658 | D:3      | Bought a scroll of identify for 20 gold pieces
  1658 | D:3      | 1658 ||| BUYING scroll of identify (20 gold).
  1658 | D:3      | Bought a scroll of identify for 20 gold pieces
  1658 | D:3      | 1658 ||| BUYING scroll of identify (20 gold).
  1658 | D:3      | Bought a scroll of identify for 20 gold pieces
  1658 | D:3      | 1658 ||| BUYING scroll of identify (20 gold).
  1658 | D:3      | Bought a scroll of identify for 20 gold pieces
  1658 | D:3      | 1658 ||| BUYING scroll of teleportation (30 gold).
  1658 | D:3      | Bought a scroll of teleportation for 30 gold pieces
  1658 | D:3      | 1658 ||| BUYING scroll of teleportation (30 gold).
  1658 | D:3      | Bought a scroll of teleportation for 30 gold pieces
  1658 | D:3      | 1658 ||| SHOPLISTING scroll of teleportation (30 gold, have
                  | 0).
  1733 | D:3      | Found a faded altar of an unknown god.
  1879 | D:3      | Noticed Natasha
  1881 | D:3      | Killed Natasha
  1882 | D:3      | Reached XP level 5. HP: 25/29 MP: 7/7
  1971 | D:3      | 1971 ||| DRINKING 2 puce potions.
  1972 | D:3      | 1972 ||| DRINKING ruby potion.
  1973 | D:3      | 1973 ||| DRINKING black potion.
  1974 | D:3      | 1974 ||| DRINKING viscous red potion.
  2004 | D:3      | Reached skill level 9 in Ranged Weapons
  2074 | D:3      | Noticed Natasha
  2076 | D:3      | Killed Natasha
  2104 | D:3      | 2104 ||| READING 4 scrolls of identify.
  2104 | D:3      | 2104 ||| IDENTIFYING scroll labelled POPTUBBECUO
  2105 | D:3      | 2105 ||| DROPPING scroll of blinking.
  2160 | D:4      | Noticed Duvessa
  2160 | D:4      | Noticed Dowan
  2164 | D:4      | 2164 ||| FLEEEEING.
  2165 | D:4      | 2165 ||| FLEEEEING.
  2166 | D:4      | 2166 ||| FLEEEEING.
  2167 | D:4      | 2167 ||| FLEEEEING.
  2168 | D:4      | 2168 ||| FLEEEEING.
  2169 | D:4      | 2169 ||| FLEEEEING.
  2170 | D:4      | 2170 ||| FLEEEEING.
  2171 | D:4      | 2171 ||| FLEEEEING.
  2172 | D:4      | 2172 ||| FLEEEEING.
  2173 | D:4      | 2173 ||| FLEEEEING.
  2174 | D:4      | 2174 ||| FLEEEEING.
  2175 | D:4      | 2175 ||| FLEEEEING.
  2176 | D:4      | 2176 ||| FLEEEEING.
  2177 | D:4      | 2177 ||| STAIRDANCE
  2179 | D:3      | 2179 ||| FLEEEEING.
  2180 | D:3      | 2180 ||| FLEEEEING.
  2181 | D:3      | 2181 ||| FLEEEEING.
  2182 | D:3      | 2182 ||| FLEEEEING.
  2183 | D:3      | 2183 ||| FLEEEEING.
  2184 | D:3      | 2184 ||| FLEEEEING.
  2185 | D:3      | 2185 ||| FLEEEEING.
  2186 | D:3      | 2186 ||| FLEEEEING.
  2187 | D:3      | 2187 ||| STAIRDANCE
  2189 | D:2      | 2189 ||| FLEEEEING.
  2190 | D:2      | 2190 ||| FLEEEEING.
  2191 | D:2      | 2191 ||| FLEEEEING.
  2192 | D:2      | 2192 ||| FLEEEEING.
  2198 | D:2      | 2198 ||| READING 3 scrolls of identify.
  2198 | D:2      | 2198 ||| IDENTIFYING white potion
  2220 | D:4      | 2220 ||| READING 2 scrolls of teleportation.
  2225 | D:4      | 2225 ||| FLEEEEING.
  2226 | D:4      | 2226 ||| FLEEEEING.
  2227 | D:4      | 2227 ||| FLEEEEING.
  2228 | D:4      | 2228 ||| FLEEEEING.
  2229 | D:4      | 2229 ||| FLEEEEING.
  2230 | D:4      | 2230 ||| FLEEEEING.
  2231 | D:4      | 2231 ||| FLEEEEING.
  2232 | D:4      | 2232 ||| FLEEEEING.
  2233 | D:4      | 2233 ||| READING scroll of teleportation.
  2236 | D:4      | 2236 ||| FLEEEEING to unexplored (badform).
  2237 | D:4      | 2237 ||| FLEEEEING to unexplored (badform).
  2237 | D:4      | Found an opulent altar of Gozag.
  2243 | D:4      | Reached XP level 6. HP: 20/35 MP: 8/8
  2243 | D:4      | 2243 ||| FLEEEEING to unexplored (badform).
  2244 | D:4      | 2244 ||| FLEEEEING to unexplored (badform).
  2306 | D:4      | Found a snail-covered altar of Cheibriados.
  2314 | D:4      | Found a shimmering blue altar of Sif Muna.
  2345 | D:4      | Killed Duvessa
  2346 | D:4      | Reached skill level 10 in Ranged Weapons
  2375 | D:4      | 2375 ||| FLEEEEING.
  2376 | D:4      | 2376 ||| FLEEEEING.
  2377 | D:4      | 2377 ||| FLEEEEING.
  2378 | D:4      | 2378 ||| FLEEEEING.
  2379 | D:4      | 2379 ||| FLEEEEING.
  2380 | D:4      | 2380 ||| FLEEEEING.
  2381 | D:4      | 2381 ||| FLEEEEING.
  2382 | D:4      | 2382 ||| FLEEEEING.
  2383 | D:4      | 2383 ||| FLEEEEING.
  2384 | D:4      | 2384 ||| FLEEEEING.
  2385 | D:4      | 2385 ||| FLEEEEING.
  2386 | D:4      | 2386 ||| FLEEEEING.
  2387 | D:4      | 2387 ||| FLEEEEING.
  2388 | D:4      | 2388 ||| FLEEEEING.
  2389 | D:4      | 2389 ||| STAIRDANCE
  2391 | D:3      | 2391 ||| FLEEEEING.
  2392 | D:3      | 2392 ||| FLEEEEING.
  2393 | D:3      | 2393 ||| FLEEEEING.
  2394 | D:3      | 2394 ||| FLEEEEING.
  2395 | D:3      | 2395 ||| FLEEEEING.
  2396 | D:3      | 2396 ||| FLEEEEING.
  2397 | D:3      | 2397 ||| FLEEEEING.
  2398 | D:3      | 2398 ||| FLEEEEING.
  2399 | D:3      | 2399 ||| STAIRDANCE
  2401 | D:2      | 2401 ||| FLEEEEING.
  2402 | D:2      | 2402 ||| FLEEEEING.
  2403 | D:2      | 2403 ||| FLEEEEING.
  2404 | D:2      | 2404 ||| FLEEEEING.
  2405 | D:2      | 2405 ||| FLEEEEING.
  2406 | D:2      | 2406 ||| FLEEEEING.
  2407 | D:2      | 2407 ||| FLEEEEING.
  2408 | D:2      | 2408 ||| FLEEEEING.
  2409 | D:2      | 2409 ||| FLEEEEING.
  2410 | D:2      | 2410 ||| FLEEEEING.
  2411 | D:2      | 2411 ||| FLEEEEING.
  2412 | D:2      | 2412 ||| FLEEEEING.
  2413 | D:2      | 2413 ||| FLEEEEING.
  2414 | D:2      | 2414 ||| FLEEEEING.
  2415 | D:2      | 2415 ||| FLEEEEING.
  2416 | D:2      | 2416 ||| FLEEEEING.
  2417 | D:2      | 2417 ||| FLEEEEING.
  2418 | D:2      | 2418 ||| FLEEEEING.
  2419 | D:2      | 2419 ||| FLEEEEING.
  2420 | D:2      | 2420 ||| FLEEEEING.
  2421 | D:2      | 2421 ||| FLEEEEING.
  2422 | D:2      | 2422 ||| FLEEEEING.
  2423 | D:2      | 2423 ||| FLEEEEING.
  2424 | D:2      | 2424 ||| FLEEEEING.
  2425 | D:2      | 2425 ||| FLEEEEING.
  2426 | D:2      | 2426 ||| FLEEEEING.
  2472 | D:4      | Killed Dowan
  2473 | D:4      | Reached skill level 3 in Dodging
  2548 | D:4      | Found a staircase to the Ecumenical Temple.
  2549 | D:4      | 2549 ||| PLANNING TEMPLE
  2549 | D:4      | 2549 ||| UPGRADING to +0 pair of gloves.
  2562 | Temple   | Entered the Ecumenical Temple
  2563 | Temple   | 2563 ||| PLANNING OKAWARU WORSHIP
  2573 | Temple   | Became a worshipper of Warmaster Okawaru
  2574 | Temple   | 2574 ||| PLANNING D:1-11
  2606 | D:4      | Reached skill level 1 in Armour
  2606 | D:4      | Reached XP level 7. HP: 36/40 MP: 9/9
  2915 | D:4      | Found a shimmering altar of Xom.
  2926 | D:4      | Found a radiant altar of Vehumet.
  2931 | D:4      | Found a sparkling altar of Nemelex Xobeh.
  2939 | D:4      | Found a hide-covered altar of Uskayaw.
  2941 | D:4      | 2941 ||| UPGRADING to +2 ring mail of fire resistance.
  2951 | D:4      | 2951 ||| DROPPING +0 ring mail.
  2952 | D:4      | 2952 ||| DROPPING +0 robe of fire resistance.
  2953 | D:4      | 2953 ||| READING 2 scrolls of identify.
  2953 | D:4      | 2953 ||| IDENTIFYING 2 murky grey potions
  2954 | D:4      | 2954 ||| READING scroll of identify.
  2954 | D:4      | 2954 ||| IDENTIFYING 2 scrolls labelled OKHASASA RAO
  2955 | D:4      | 2955 ||| DROPPING 2 scrolls of revelation.
  2956 | D:4      | 2956 ||| DROPPING 2 potions of invisibility.
  2983 | D:5      | Entered Level 5 of the Dungeon
  2992 | D:5      | 2992 ||| STAIRDANCE
  3102 | D:5      | 3102 ||| STAIRDANCE
  3152 | D:5      | Reached skill level 11 in Ranged Weapons
  3570 | D:5      | Reached * piety under Okawaru
  3713 | D:5      | Noticed a wraith
  3715 | D:5      | 3715 ||| INVOKING Heroism.
  3721 | D:5      | Killed a wraith
  3722 | D:5      | Reached skill level 12 in Ranged Weapons
  3722 | D:5      | Reached XP level 8. HP: 39/44 MP: 7/11
  4124 | D:5      | Reached skill level 3 in Invocations
  4140 | D:5      | 4140 ||| READING scroll of identify.
  4140 | D:5      | 4140 ||| IDENTIFYING scroll labelled RICWUWK BEGAOG
  4140 | D:5      | Identified a scroll of acquirement
  4141 | D:5      | 4141 ||| READING scroll of acquirement.
  4141 | D:5      | 4141 ||| ACQUIRING +2 pair of gloves of strength
  4141 | D:5      | Acquired a +2 pair of gloves of strength
  4143 | D:5      | 4143 ||| UPGRADING to +2 pair of gloves of strength.
  4153 | D:5      | 4153 ||| DROPPING +0 pair of gloves.
  4183 | D:6      | Noticed qw's ghost (novice SpHu)
  4183 | D:6      | Found a runed translucent door.
  4320 | D:6      | Reached skill level 3 in Fighting
  4510 | D:6      | Reached ** piety under Okawaru
  4836 | D:6      | 4836 ||| INVOKING Heroism.
  4837 | D:6      | 4837 ||| DRINKING potion of haste.
  4839 | D:6      | Reached skill level 13 in Ranged Weapons
  4900 | D:6      | Reached XP level 9. HP: 51/51 MP: 14/14
  5699 | D:7      | Noticed Pikel
  5700 | D:7      | 5700 ||| RETREEEEATING.
  5703 | D:7      | Noticed Maggie
  5704 | D:7      | 5704 ||| INVOKING Heroism.
  5715 | D:7      | Killed Pikel
  5728 | D:7      | Killed Maggie
  5742 | D:7      | 5742 ||| READING scroll of enchant weapon.
  5742 | D:7      | 5742 ||| ENCHANTING +1 orcbow.
  5810 | D:7      | Identified the +1 flail of the Twisting Dove {flame, rElec
                  | rC+ Str+3 Dex-3}
  5827 | D:7      | 5827 ||| READING scroll of enchant armour.
  5827 | D:7      | 5827 ||| ENCHANTING +1 helmet.
  6097 | D:7      | Reached skill level 14 in Ranged Weapons
  6360 | D:7      | 6360 ||| READING 3 scrolls of identify.
  6360 | D:7      | 6360 ||| IDENTIFYING yellow potion
  6361 | D:7      | 6361 ||| READING 2 scrolls of identify.
  6361 | D:7      | 6361 ||| IDENTIFYING 2 scrolls labelled QUQEITU DENOYNAE
  6362 | D:7      | 6362 ||| DROPPING 2 scrolls of amnesia.
  6388 | D:8      | 6388 ||| RETREEEEATING.
  6394 | D:8      | 6394 ||| RETREEEEATING.
  6395 | D:8      | 6395 ||| RETREEEEATING.
  6396 | D:8      | 6396 ||| RETREEEEATING.
  6402 | D:8      | HP: 12/51 [poisoned by a killer bee]
  6403 | D:8      | 6403 ||| READING 2 scrolls of teleportation.
  6404 | D:8      | HP: 5/51 [poisoned by a killer bee]
  6406 | D:8      | HP: 2/51 [poisoned by a killer bee]
  6407 | D:8      | 6407 ||| READING scroll of teleportation.
  6407 | D:8      | Succumbed to a killer bee's poison

Levels and vault maps discovered:
D:1:      wander_arrival_desolate, layout_loops_ring, serial_glass,
          glass_columns_b, glass_columns_a
D:2:      layout_basic, uniq_robin
D:3:      layout_loops_ring, serial_shops, nicolae_shop_rolled_up,
          ebering_ecumenical_altar_rust, uniq_natasha
D:4:      layout_rooms, grunt_temple_overflow_octagram,
          minmay_temple_entry_crystal_x, uniq_duvessa
D:5:      cheibrodos_two_vegetables, layout_gridville, minmay_gold_behind_fungi
D:6:      layout_layer_cave, serial_undead, serial_undead_d, serial_undead_b,
          serial_undead_c, serial_undead_a, ebering_ghost_sewer_d
D:7:      layout_basic, uniq_maggie, uniq_pikel
D:8:      layout_rooms, special_room [special_room_orc],
          gammafunk_ghost_gnarly_gnolls, grunt_ministairs_1,
          small_chamber_with_monster, minmay_diamond_spiral
Temple:   hellmonk_temple_of_storms

Skill      XL: |  1  2  3  4  5  6  7  8  9 |
---------------+----------------------------+-----
Ranged Weapons | 6 7 8 9 10 12 13 14 | 14.0
Fighting       | 2 3 |  3.4
Dodging        | 3 4 7 |  7.1
Armour         | 1 |  1.8
Invocations    | 2 4 |  4.2
Stealth        | |  1.2

Action                     |  1- 3 |  4- 6 |  7- 9 || total
---------------------------+-------+-------+-------++-------
  Melee: Unarmed           |       |     8 |       ||     8
   Fire: Shortbow          |    51 |       |       ||    51
         Orcbow            |    37 |   109 |   295 ||   441
 Invoke: Heroism           |       |       |     3 ||     3
    Use: Scroll            |     3 |     6 |    10 ||    19
         Potion            |     2 |     4 |     1 ||     7
   Stab: Confused          |       |     1 |       ||     1
 Armour: Leather armour    |    16 |       |       ||    16
         Ring mail         |    10 |    30 |    90 ||   130
         Skin              |       |     2 |       ||     2
  Dodge: Dodged            |    32 |    59 |   126 ||   217

Table legend:
 A = Non-vault XP
 B = Vault XP
 C = Vault XP percentage of total XP
 D = Non-vault monster count
 E = Vault monster count
 F = Vault count percentage of total count
                 A         B        C        D         E       F
            +---------+---------+-------+---------+---------+-------
      Total |    2187 |    1910 |  46.6 |     116 |      27 |  18.9
            +---------+---------+-------+---------+---------+-------
        D:1 |      30 |       0 |   0.0 |      16 |       0 |   0.0
        D:2 |      69 |      35 |  33.7 |      25 |      11 |  30.6
        D:3 |     141 |      35 |  19.9 |      16 |       1 |   5.9
        D:4 |     448 |     218 |  32.7 |      21 |       2 |   8.7
        D:5 |     374 |     306 |  45.0 |      15 |       4 |  21.1
        D:6 |     904 |     294 |  24.5 |      17 |       6 |  26.1
        D:7 |     221 |     961 |  81.3 |       6 |       2 |  25.0
        D:8 |       0 |      61 | 100.0 |       0 |       1 | 100.0
            +---------+---------+-------+---------+---------+-------
